 Dungeon Sprint DCSS version 0.28.0-43-g3370ac3207 (webtiles) character file.

Game seed: 17453117989756630251

3180 boopmooplesden the Severer (level 9, -4/101 HPs)
             Began as a Minotaur Berserker on Mar 12, 2022.
             Was a High Priest of Trog.
             Slain by a tentacle (12 damage)
             ... attached to a kraken
             ... in the Dungeon (Sprint II: "The Violet Keep of Menkaure").
             The game lasted 00:02:56 (1096 turns).

boopmooplesden the Severer (Minotaur Berserker)     Turns: 1096, Time: 00:02:57

Health: -4/101     AC: 15    Str: 31    XL:     9   Next: 63%
Magic:  8/8        EV: 11    Int:  6    God:    Trog [*****.]
Gold:   320        SH:  0    Dex:  9    Spells: 8/8 levels left

rFire   . . .      SeeInvis .   n - +2 executioner's axe (vorpal)
rCold   . . .      Faith    .   (shield currently unavailable)
rNeg    + . .      Spirit   .   l - +0 chain mail {rN+}
rPois   .          Reflect  .   j - +0 hat {Will+}
rElec   .          Harm     .   m - +2 cloak
rCorr   .          Rampage  .   k - +0 pair of gloves of Wu Jian's Fury {Str+4}
Will    +....      NoTele   +   (no boots)
Stlth   ..........              (no amulet)
HPRegen 0.26/turn               (no ring)
MPRegen 0.11/turn               (no ring)

@: on berserk cooldown, slowed, very slow
A: horns 2, retaliatory headbutt, strong 1
a: Renounce Religion, Berserk, Trog's Hand, Brothers in Arms


You were in the Dungeon.
You worshipped Trog.
Trog was extremely pleased with you.
You visited 1 branch You collected 1053 gold pieces.
You spent 733 gold pieces at shops.

Inventory:

Hand Weapons
 a - a +0 hand axe
 n - a +2 vorpal executioner's axe (weapon)
Armour
 b - a +0 animal skin
 j - a +0 hat of willpower (worn)
 k - the +0 pair of gloves of Wu Jian's Fury (worn) {Str+4}
   (You bought it in a shop in the Dungeon)

   Str:       It affects your strength (+4).
 l - a +0 chain mail of positive energy (worn)
 m - a +2 cloak (worn)
Scrolls
 h - a scroll of blinking
 i - a scroll of fog {unknown}
Potions
 c - a potion of curing
 d - a potion of heal wounds
 e - a potion of haste
 f - 2 potions of magic
 g - a potion of berserk rage


   Skills:
 + Level 16.3 Fighting
 + Level 17.2 Axes
 + Level 8.7 Armour
 + Level 9.2 Dodging


You had 8 spell levels left.
You didn't know any spells.
Your spell library was empty.

Dungeon Overview and Level Annotations

Branches:
Dungeon (1/1)

Altars:
Cheibriados
Dithmenos
Elyvilon
Hepliaklqana
Kikubaaqudgha
Makhleb
Qazlal
Ru
Sif Muna
Trog
Uskayaw
Vehumet
Wu Jian
Xom
Yredelemnul
Zin
The Shining One
Beogh
Jiyva
Lugonu

Shops:
D **::([![=*?[!*=

Annotations:
D exclusion: oklob plant


Innate Abilities, Weirdness & Mutations

You have a pair of horns on your head.
You reflexively headbutt those who attack you in melee.
Your muscles are strong. (Str +2)


Message History

You feel the power of Trog in you as your rage grows.
You kill the tentacle!
The tentacle slaps you but does no damage.
You slash the tentacle! Your headbutt misses the tentacle.
The tentacle is moderately wounded.
The tentacle slaps you!
Your unstable footing causes you to fumble your attack.
The tentacle barely misses you. You furiously retaliate!
You headbutt the tentacle.
The tentacle slaps you but does no damage.
Your unstable footing causes you to fumble your attack.
A tentacle rises from the water!
The tentacle closely misses you.
You carve the tentacle like a ham!!!
You kill the tentacle!
You feel a strong urge to attack something.
You feel your anger nearly subside.
You are no longer berserk.
You are exhausted.
You feel yourself slow down.
Tentacles burst out of the water!
The kraken closely misses you. You furiously retaliate!
You headbutt the kraken, but do no damage. 4 tentacles come into view.
You hit the kraken but do no damage.
The kraken is heavily wounded.
You slice the tentacle!! You slash the tentacle! The kraken closely misses you.
You furiously retaliate!
You headbutt the kraken, but do no damage.
The tentacle slaps you! The tentacle slaps you. The kraken closely misses you.
You furiously retaliate!
You headbutt the kraken, but do no damage.
The tentacle closely misses you. The tentacle slaps you. The kraken bites you.
You slice the kraken!!
You headbutt the kraken, but do no damage.
The kraken is almost dead.
You barely miss the tentacle. You slash the tentacle! The tentacle slaps you!!
The tentacle slaps you but does no damage.
The kraken bites you!!
* * * LOW HITPOINT WARNING * * *
The tentacle barely misses you. The tentacle slaps you!
You die...

. .### )▓$[[$?[)!▓▓
...####▓[)(![[!=▓▓
#..##.#▓$)!!)[$$▓▓
+.^#).#▓($(?![!)▓▓
#.^#÷.#▓$([:=??$▓▓
#..##÷#▓)|[[?(|)▓▓
##...##▓▓▓▓▓▓▓+▓▓▓▓+▓
.≈≈≈≈≈≈†≈≈≈≈≈≈..@Xw≈▓
.≈#+########§###www≈▓
.≈#.._._._.#§≈≈##≈≈≈▓
.≈#._._._..#≈§≈≈####▓
≈≈#_._._._.#§≈≈≈§#
≈≈#._._._._#≈≈≈§≈§#
§≈#.._._._.#§§§≈≈§+
§§#..._._._#≈§§§≈§#


You could see a kraken and 4 tentacles.

Vanquished Creatures
  A merfolk siren (D)
  A yaktaur (D)
  A hornet (D)
  3 polar bears (D)
  A blink frog (D)
  2 wyverns (D)
  4 neqoxecs (D)
  5 water moccasins (D)
  4 necrophages (D)
  2 tentacles (D)
24 creatures vanquished.

Vanquished Creatures (others)
  Menkaure (D)
  7 tentacles (D)
8 creatures vanquished.

Grand Total: 32 creatures vanquished

Notes
Turn   | Place    | Note
-------+----------+-------------------------------------------
     0 | D        | boopmooplesden the Minotaur Berserker began the quest for
                  | the Orb.
     0 | D        | Reached XP level 1. HP: 19/19 MP: 0/0
     1 | D        | Noticed a wyvern
     1 | D        | Noticed a wyvern
     7 | D        | Killed a wyvern
     8 | D        | Reached skill level 8 in Axes
     8 | D        | Reached XP level 2. HP: 12/35 MP: 1/1
     8 | D        | Reached XP level 3. HP: 14/40 MP: 2/2
     8 | D        | Reached XP level 4. HP: 16/48 MP: 3/3
     8 | D        | Reached XP level 5. HP: 18/53 MP: 4/4
    11 | D        | Killed a wyvern
    12 | D        | Reached skill level 10 in Fighting
    12 | D        | Reached skill level 10 in Axes
    12 | D        | Reached skill level 5 in Armour
    12 | D        | Reached skill level 5 in Dodging
    12 | D        | Reached XP level 6. HP: 6/66 MP: 5/5
    56 | D        | Killed Menkaure
   269 | D        | Noticed a merfolk siren
   283 | D        | Killed a merfolk siren
   283 | D        | Reached ** piety under Trog
   284 | D        | Reached skill level 12 in Axes
   284 | D        | Reached XP level 7. HP: 59/77 MP: 6/6
   382 | D        | Reached skill level 13 in Axes
   386 | D        | Reached *** piety under Trog
   445 | D        | Noticed a neqoxec
   445 | D        | Gained mutation: Your muscles are strong. (Str +2) [a
                  | neqoxec]
   449 | D        | Killed a neqoxec
   450 | D        | Reached XP level 8. HP: 86/86 MP: 7/7
   455 | D        | Reached skill level 14 in Axes
   456 | D        | Reached **** piety under Trog
   489 | D        | Found Woedao Lyvi's Magic Scroll Shop.
   489 | D        | Found Jamme's Distillery.
   489 | D        | Found Unuqueg's Assorted Antiques.
   489 | D        | Found Kabiso's Jewellery Shop.
   489 | D        | Found Ganosch's Armour Boutique.
   490 | D        | Found Oxuebb's Jewellery Boutique.
   490 | D        | Found Inged's Antique Armour Shop.
   490 | D        | Found Hadwig's Assorted Antiques.
   491 | D        | Found Sekk's Distillery.
   491 | D        | Found Janlonu's Antique Armour Boutique.
   502 | D        | Reached skill level 15 in Axes
   507 | D        | Noticed a flying skull
   507 | D        | Noticed a flying skull
   509 | D        | Noticed a blink frog
   509 | D        | Noticed a flying skull
   510 | D        | Noticed a flying skull
   512 | D        | Noticed a flying skull
   521 | D        | Noticed a flying skull
   526 | D        | Killed a blink frog
   726 | D        | Found Nuck's Antique Weapon Boutique.
   726 | D        | Found Muwaets's Book Shop.
   726 | D        | Noticed an oklob plant
   726 | D        | Noticed an ice dragon
   727 | D        | Found Behusag's Assorted Antiques.
   727 | D        | Found Doidonic's Book Shoppe.
   727 | D        | Found Araggidei's General Store.
   741 | D        | Bought an embroidered hat for 161 gold pieces
   747 | D        | Bought a pair of shimmering gloves for 209 gold pieces
   747 | D        | Identified the +0 pair of gloves of Wu Jian's Fury {Str+4}
                  | (You bought it in a shop in the Dungeon)
   752 | D        | Bought a shiny chain mail for 165 gold pieces
   769 | D        | Noticed a fire dragon
   777 | D        | Bought a +2 cloak for 198 gold pieces
   803 | D        | Found a hazy altar of Hepliaklqana.
   803 | D        | Found a snail-covered altar of Cheibriados.
   804 | D        | Found a stormy altar of Qazlal.
   804 | D        | Found a viscous altar of Jiyva.
   804 | D        | Found a shadowy altar of Dithmenos.
   805 | D        | Found a sacrificial altar of Ru.
   805 | D        | Found an ancient bone altar of Kikubaaqudgha.
   805 | D        | Found a white marble altar of Elyvilon.
   806 | D        | Found an ornate altar of the Wu Jian Council.
   806 | D        | Found a shimmering blue altar of Sif Muna.
   806 | D        | Found a corrupted altar of Lugonu.
   807 | D        | Found a shimmering altar of Xom.
   807 | D        | Found a bloodstained altar of Trog.
   807 | D        | Found a burning altar of Makhleb.
   808 | D        | Found a glowing golden altar of the Shining One.
   808 | D        | Found a basalt altar of Yredelemnul.
   808 | D        | Found a hide-covered altar of Uskayaw.
   809 | D        | Found a glowing silver altar of Zin.
   810 | D        | Noticed a yaktaur
   810 | D        | Noticed a hornet
   810 | D        | Noticed a polar bear
   810 | D        | Noticed a polar bear
   818 | D        | Killed a polar bear
   818 | D        | Reached ***** piety under Trog
   819 | D        | Reached skill level 15 in Fighting
   819 | D        | Reached XP level 9. HP: 97/97 MP: 8/8
   819 | D        | Noticed a polar bear
   826 | D        | Killed a polar bear
   827 | D        | Reached skill level 16 in Axes
   828 | D        | Killed a polar bear
   833 | D        | Killed a yaktaur
  1043 | D        | Found a radiant altar of Vehumet.
  1049 | D        | Noticed a kraken
  1059 | D        | Reached skill level 17 in Axes
  1063 | D        | Received a gift from Trog
  1096 | D        | Slain by a tentacle

Illustrated notes

Levels and vault maps discovered:
D:        the_violet_keep_of_menkaure [sprint2_stairs_cluster_1,
          sprint2_shoproom, sprint2_temple, sprint2_basic_supplies,
          sprint2_obstacle_1, sprint2_obstacle_5, sprint2_obstacle_6,
          sprint2_obstacle_2, sprint2_obstacle_3, sprint2_timed_cluster_1,
          sprint2_smallroom_cluster_1, sprint2_smallroom_final_cluster_1,
          sprint2_transparent_cluster_1, sprint2_second_timed_cluster_1,
          sprint2_sniper_area_1, sprint2_heavy_combat_area_1,
          sprint2_mutation_trap_area_1, sprint2_forest_area_1,
          sprint2_light_combat_area_1, sprint2_behind_water_1,
          sprint2_near_end_vault_1]

Skill      XL: |  1  2  3  4  5  6  7  8  9 |
---------------+----------------------------+-----
Fighting       | 8 10 12 13 15 16 | 16.3
Axes           | 8 10 12 13 15 17 | 17.2
Armour         | 4 5 6 7 8 |  8.7
Dodging        | 4 5 6 7 8 9 |  9.2

Action                   |  1- 3 |  4- 6 |  7- 9 || total
-------------------------+-------+-------+-------++-------
Melee: Hand axe          |     5 |    17 |    78 ||   100
       Headbutt          |       |     2 |    19 ||    21
       Punch             |       |       |     4 ||     4
       Executioner's axe |       |       |     8 ||     8
Invok: Berserk           |     1 |       |     4 ||     5
Armor: Animal skin       |       |       |     3 ||     3
       Chain mail        |       |       |    27 ||    27
Dodge: Dodged            |     3 |     1 |    39 ||    43
